 Dungeon Crawl Stone Soup version 0.18-a0-1551-g40744a8 (webtiles) character file.

251593 Kidiri the Eclecticist (level 18, -1/103 HPs)
             Began as a Deep Elf Fire Elementalist on Mar 11, 2016.
             Was the Champion of Vehumet.
             Slain by a deep elf knight
             ... wielding a cursed -1 long sword
              (8 damage)
             ... on level 2 of the Elven Halls.
             The game lasted 05:01:59 (66586 turns).

Kidiri the Eclecticist (DEFE)                      Turns: 66586, Time: 05:02:00

Health: -1/103     AC: 19    Str:  9    XL:     18   Next: 94%
Magic:  1/37       EV: 28    Int: 29    God:    Vehumet [******]
Gold:   928        SH: 16    Dex: 31    Spells: 12 memorised, 4 levels left

rFire  + . .     SeeInvis .     D - +6 dagger of Tumult {vamp, rPois rC+++ MR- Dex+4}
rCold  + + +     Gourm    .     Y - +1 robe {rC+}
rNeg   . . .     Faith    +     R - +5 shield {reflect}
rPois  +         Spirit   .     h - +2 helmet
rElec  .         Dismiss  .     K - +2 cloak
rCorr  .         Reflect  +     C - +2 pair of gloves
SustAt .         Harm     .     B - +0 pair of boots {Stlth+}
MR     +....     Rnd*Tele +     L - amulet "Toset" {Faith MR+ Str+4 Dex+4}
Stlth  ++++++++..               y - ring "Fyuduzxa" {Dex+7 Stlth+}
                                P - ring of fire

@: delayed fireball, drained, somewhat resistant to hostile enchantments,
extraordinarily stealthy
A: hooves 1, molten scales 1, rough black scales 1, agile 1, blurry vision 1,
cold resistance 1, low mp 1, sense surroundings 1, regeneration 1, teleportitis
1, wild magic 1
a: Renounce Religion, Release Delayed Fireball
}: 2/15 runes: decaying, serpentine


You were on level 2 of the Elven Halls.
You worshipped Vehumet.
Vehumet was exalted by your worship.
You were not hungry.

You visited 7 branches of the dungeon, and saw 34 of its levels.

You collected 3067 gold pieces.
You spent 2139 gold pieces at shops.

Inventory:

Hand Weapons
 D - the +6 dagger of Tumult (weapon) {vamp, rPois rC+++ MR- Dex+4}
   (You found it on level 4 of the Dungeon)

   It inflicts no extra harm, but heals its wielder somewhat when it strikes a
   living foe.
   It affects your dexterity (+4).
   It renders you almost immune to cold.
   It protects you from poison.
   It affects your resistance to hostile enchantments.
Armour
 h - a +2 helmet (worn)
 B - a +0 pair of boots of stealth (worn)
 C - a +2 pair of gloves (worn)
 K - a +2 cloak (worn)
 R - a +5 shield of reflection (worn)
 Y - a +1 robe of cold resistance (worn)
Jewellery
 w - an uncursed ring of see invisible
 y - the ring "Fyuduzxa" (right hand) {Dex+7 Stlth+}
   (You took it off an orc on level 4 of the Dungeon)

   [ring of stealth]

   It affects your dexterity (+7).
   It makes you more stealthy.
 L - the amulet "Toset" (around neck) {Faith MR+ Str+4 Dex+4}
   (You found it on level 7 of the Dungeon)

   [amulet of faith]

   It allows you to gain divine favour quickly.
   It affects your strength (+4).
   It affects your dexterity (+4).
   It affects your resistance to hostile enchantments.
 P - a ring of fire (left hand)
Wands
 a - a wand of iceblast (3/15)
 g - a wand of acid (4/15)
 n - a wand of confusion (14/48)
 r - a wand of flame (17/48)
 G - a wand of hasting (4/9)
 H - a wand of teleportation (7/9)
 J - a wand of teleportation (1/9)
 Q - a wand of lightning (6/15)
 X - a wand of lightning (10/15)
Scrolls
 b - a scroll of summoning
 i - 6 scrolls of fog
 k - a scroll of fear
 m - 4 scrolls of recharging
 p - 17 scrolls of remove curse
 t - 8 scrolls of immolation
 x - 5 scrolls of teleportation
 F - 2 scrolls of blinking
 M - 4 scrolls of amnesia
 O - a scroll of silence
 S - 2 scrolls of vulnerability
 W - 3 scrolls of magic mapping
Potions
 e - 4 potions of curing
 f - 2 potions of cure mutation
 j - 2 potions of invisibility
 o - a potion of might
 u - 9 potions of brilliance
 v - a potion of ambrosia
 z - 7 potions of flight
 A - 8 potions of agility
 E - 6 potions of lignification
 I - 2 potions of cancellation
 N - a potion of resistance
 T - a potion of beneficial mutation {unknown}
 V - 4 potions of haste
Books
 Z - a book of Annihilations

   Spells                             Type                      Level
   a - Poison Arrow                   Conjuration/Poison           6
   b - Chain Lightning                Conjuration/Air              8
   c - Lehudib's Crystal Spear        Conjuration/Earth            8
   d - Glaciate                       Conjuration/Ice              9
   e - Fire Storm                     Conjuration/Fire             9
Comestibles
 c - 15 bread rations


   Skills:
 + Level 8.3(7.2) Fighting
 + Level 7.7(6.7) Armour
 * Level 14.8(13.5) Dodging
 + Level 12.6(11.4) Stealth
 + Level 7.8(6.7) Shields
 * Level 17.1(15.7) Spellcasting
 * Level 11.1(9.9) Conjurations
 - Level 10.8(9.7) Hexes
 + Level 9.7(8.6) Necromancy
   Level 4.1(3.2) Transmutations
 + Level 11.1(9.9) Fire Magic
 + Level 9.4(8.3) Ice Magic
 + Level 8.5(7.4) Air Magic
 + Level 7.1(6.0) Earth Magic
 + Level 8.4(7.3) Poison Magic


You had 4 spell levels left.
You knew the following spells:

 Your Spells              Type           Power        Failure   Level  Hunger
a - Flame Tongue          Conj/Fire      #####        1%          1    None
b - Throw Flame           Conj/Fire      ######       1%          2    None
c - Conjure Flame         Conj/Fire      ########     1%          3    None
d - Inner Flame           Hex/Fire       ########     1%          3    None
e - Sticky Flame          Conj/Fire      ########     1%          4    None
f - Fireball              Conj/Fire      ########..   2%          5    None
g - Bolt of Magma         Conj/Fire/Erth ########..   3%          5    None
h - Bolt of Draining      Conj/Necr      #######...   3%          5    None
i - Freezing Cloud        Conj/Ice/Air   ######....   13%         6    ###....
j - Delayed Fireball      Conj/Fire      N/A          52%         7    #####..
k - Mephitic Cloud        Conj/Pois/Air  #######.     1%          3    None
l - Lehudib's Crystal Sp  Conj/Erth      #######...   100%        8    ######.


Dungeon Overview and Level Annotations

Branches:
Dungeon (13/15)            Temple (1/1) D:5            Lair (8/8) D:9
  Swamp (4/4) Lair:6        Snake (4/4) Lair:4        Slime (0/6) Lair:6
    Orc (2/2) D:10            Elf (2/3) Orc:2        Vaults (0/5) D:13

Altars:
Ashenzari
Cheibriados
Dithmenos
Elyvilon
Fedhas
Gozag
Kikubaaqudgha
Makhleb
Nemelex Xobeh
Okawaru
Pakellas
Qazlal
Ru
Sif Muna
Trog
Vehumet
Xom
Yredelemnul
Zin
The Shining One

Shops:
D:8 !%   D:10 %   D:11 ?[?**   D:12 (   Orc:1 %[[[%*   Orc:2 }?[!   Elf:1 (
Snake:4 (

Portals:
Pandemonium: Orc:2

Annotations:
Elf:2 Norris, Saint Roka


Innate Abilities, Weirdness & Mutations

You have large cloven feet.
You are partially covered in molten scales (AC +1).
You are partially covered in rough black scales (AC +4, Dex -1).
You are agile. (Dex +2)
Scrolls take you a little longer to read.
Your flesh is cold resistant.
Your magical capacity is low (-10% MP).
You passively map a small area around you.
Your natural rate of healing is unusually fast.
You are occasionally teleported next to monsters.
Your spells are a little harder to cast, but a little more powerful.


Message History

You see here an arrow.
Drink which item? (? for menu, Esc to quit)
You feel better.
The halberd of protection hits you but does no damage.
You block the trident of venom's attack.
The deep elf mage completely misses you.
The deep elf knight gestures wildly while chanting.
The deep elf knight flickers and vanishes!
The deep elf knight gestures wildly while chanting.
The deep elf knight seems to speed up.
The deep elf mage mumbles some strange words.
The deep elf mage blinks!
The deep elf mage mumbles some strange words.
The deep elf mage blinks!
The halberd of protection barely misses you.
You block the trident of venom's attack.
The orange demon stings you from afar.
* * * LOW HITPOINT WARNING * * *
The deep elf knight hits you with a long sword!
You die...

,* , , .# ** #. .#
* #. #.# * #.*#.#
#,###.##.#
#.#......###### #
#....(......e.... ,
##.....e@#####...#
#......eee4eee....,
#.....ee(.*e.ee...
#...{...$.ee(...?.
*
##.ยง......e..e...e
#..e.......<...)e
##............[)e ,
#.....(......[). ,
#......#######.e ,
,


You could see 2 deep elf death magi, an orange demon, a deep elf archer, 5 deep
elf knights, 10 deep elf magi, 3 dancing weapons and a battlesphere.

Vanquished Creatures
  2 thorn hunters (Swamp:4)
  The ghost of 4thArraOfDagon the Severer, an adept NaBe of Trog (Snake:3)
  Donald (Swamp:3)
  The ghost of Liam the Eclecticist, an adept HEWz of Vehumet (Elf:1)
  6 greater nagas (Snake:4)
  Aizul (Snake:3)
  Maud (D:13)
  A deep elf sorcerer (Elf:2)
  A deep elf demonologist (Elf:1)
  Snorg (D:13)
  4 vault guards (D:13)
  A deep elf high priest (Elf:1)
  28 hydras
  10 naga warriors
  An ogre mage (D:13)
  6 anacondas
  The ghost of Duffy the Nimble, a journeyman DEFE of Sif Muna (D:11)
  A ghost crab (Swamp:2)
  6 dancing weapons
  16 alligators
  22 death yaks
  Urug (Lair:4)
  A queen ant (Lair:6)
  A soul eater (Orc:2)
  7 shock serpents
  6 orc high priests
  16 naga sharpshooters
  6 deep elf knights
  An unseen horror (D:13)
  8 shambling mangroves
  4 spriggan druids
  3 deep elf archers
  11 swamp dragons
  An infernal demonspawn (Orc:2)
  3 naga ritualists
  A putrid demonspawn (Orc:2)
  7 orc knights
  9 mana vipers
  2 hornets
  2 wolf spiders (Lair:8)
  3 ugly things
  2 griffons
  12 orc sorcerers
  31 deep elf magi
  10 salamanders
  A manticore (D:11)
  A cyclops (D:13)
  A rust devil (Orc:2)
  A sixfirhy (Orc:2)
  34 black mambas
  2 guardian serpents
  25 elephants
  A torpor snail (Lair:7)
  A gargoyle (D:11)
  3 centaur zombies
  17 naga magi
  31 spiny frogs
  A kobold demonologist (D:12)
  2 rime drakes
  7 komodo dragons
  An ice devil (Orc:2)
  A polar bear (shapeshifter) (D:12)
  7 trolls
  A polar bear (Lair:8)
  2 two-headed ogres
  9 giant leeches
  Grinder (D:5)
  10 bog bodies
  12 slime creatures
  A boulder beetle (Lair:6)
  25 blink frogs
  7 spriggans
  A water elemental (Elf:1)
  3 wyverns
  A redback (Lair:8)
  15 yaks
  A ynoxinul (Orc:2)
  3 shadows
  A wraith (D:12)
  8 hippogriffs
  A human (D:7)
  A steam dragon (D:8)
  4 basilisks
  A chaos spawn (Orc:2)
  A hungry ghost (D:13)
  6 wargs
  25 vampire mosquitoes
  A mottled dragon (D:12)
  22 insubstantial wisps
  20 soldier ants (Lair:6)
  26 swamp worms
  47 nagas
  23 water moccasins
  15 porcupines
  19 swamp drakes
  41 orc warriors
  3 phantoms
  5 sky beasts
  An ice beast (D:5)
  2 black bears
  An eye of draining (D:13)
  28 wasps
  4 wolves (Lair:7)
  2 necrophages (D:8)
  7 ogres
  10 centaurs
  16 crocodiles
  3 big kobolds
  A gnoll sergeant (Orc:2)
  22 giant frogs
  A wyvern zombie (D:13)
  An earth elemental (Elf:1)
  A wyvern skeleton (D:9)
  7 scorpions
  12 wights
  19 killer bees
  An electric eel (D:8)
  8 howler monkeys
  7 crimson imps
  A giant frog zombie (D:12)
  6 hounds
  A quasit (D:8)
  36 orc priests
  7 jellies
  21 orc wizards
  Crazy Yiuf (D:5)
  2 centaur skeletons
  Natasha (thrice) (D:3)
  10 iguanas
  29 worker ants
  29 sheep
  2 hound skeletons
  A howler monkey zombie (D:9)
  Robin (D:2)
  2 worker ant zombies (D:11)
  10 gnolls
  26 adders
  160 river rats
  4 shadow imps
  3 oozes (D:2)
  3 adder skeletons
  2 worms
  2 dart slugs (D:1)
  4 giant geckos
  108 orcs
  3 ball pythons
  10 bats
  3 giant cockroaches
  19 goblins
  10 hobgoblins
  11 jackals
  6 quokkas
  7 giant newts
  A jackal skeleton (D:5)
  25 kobolds
  10 rats
  3 briar patches (Swamp:4)
  A bush (Lair:6)
  A fire vortex (Lair:4)
  A fungus (Lair:4)
  3 plants
1501 creatures vanquished.

Vanquished Creatures (others)
  A centaur warrior (D:13)
  5 naga sharpshooters
  A giant leech (Swamp:4)
  3 orc warriors
  An ogre (Orc:1)
  A human (D:6)
  An electric eel (Elf:1)
  2 fire vortices
  44 fungi
  23 plants
82 creatures vanquished.

Grand Total: 1583 creatures vanquished

Notes
Turn   | Place    | Note
--------------------------------------------------------------
     0 | D:1      | Kidiri the Deep Elf Fire Elementalist began the quest for the Orb.
     0 | D:1      | Reached XP level 1. HP: 10/10 MP: 6/6
   390 | D:1      | Reached XP level 2. HP: 16/16 MP: 6/8
   394 | D:1      | Learned a level 2 spell: Throw Flame
  1111 | D:2      | Reached XP level 3. HP: 20/20 MP: 1/10
  1116 | D:2      | Learned a level 3 spell: Conjure Flame
  1120 | D:2      | Learned a level 3 spell: Inner Flame
  1322 | D:2      | Reached skill level 1 in Fighting
  1373 | D:2      | Reached skill level 4 in Spellcasting
  1398 | D:2      | Found an iron altar of Okawaru.
  1746 | D:2      | Found Zin's Purification Station.
  1749 | D:2      | Found a glowing silver altar of Zin.
  1755 | D:2      | Bought a potion of curing for 90 gold pieces
  1799 | D:2      | Noticed Robin
  1814 | D:2      | Killed Robin
  1814 | D:2      | Reached XP level 4. HP: 22/25 MP: 1/12
  1829 | D:2      | Reached skill level 1 in Hexes
  1995 | D:2      | Found an oddly glowing altar of Pakellas.
  2409 | D:2      | Found an oddly glowing altar of Pakellas.
  3082 | D:3      | Noticed Natasha
  3089 | D:3      | Killed Natasha
  3089 | D:3      | Reached XP level 5. HP: 16/29 MP: 7/13
  3228 | D:3      | Learned a level 4 spell: Sticky Flame
  3899 | D:3      | Found an opulent altar of Gozag.
  3899 | D:3      | Found a stormy altar of Qazlal.
  4020 | D:3      | Noticed Natasha
  4028 | D:3      | Killed Natasha
  4409 | D:3      | Reached skill level 5 in Spellcasting
  4476 | D:3      | Found an ancient bone altar of Kikubaaqudgha.
  4476 | D:3      | Found a shattered altar of Ashenzari.
  4509 | D:3      | Noticed Natasha
  4512 | D:3      | Killed Natasha
  4512 | D:3      | Reached XP level 6. HP: 34/34 MP: 10/15
  4624 | D:3      | Found a basalt altar of Yredelemnul.
  4797 | D:2      | Found a blossoming altar of Fedhas.
  5098 | D:4      | Got a translucent lead ring
  5161 | D:4      | Gained mutation: You are dopey. (Int -2) [potion of mutation]
  5161 | D:4      | Gained mutation: You evolve. [potion of mutation]
  5161 | D:4      | Lost mutation: You are dopey. (Int -2) [potion of mutation]
  5171 | D:4      | Reached skill level 6 in Spellcasting
  5259 | D:4      | Gained mutation: Your muscles are strong. (Str +2) [evolution]
  5704 | D:4      | Got an iridescent dagger
  5708 | D:4      | Identified the +6 dagger of Tumult {vamp, rPois rC+++ MR- Dex+4} (You found it on level 4 of the Dungeon)
  5768 | D:4      | Identified the ring "Fyuduzxa" {Dex+7 Stlth+} (You took it off an orc on level 4 of the Dungeon)
  5829 | D:5      | Entered Level 5 of the Dungeon
  5838 | D:5      | Reached XP level 7. HP: 34/39 MP: 16/18
  5877 | D:5      | Learned a level 5 spell: Fireball
  6508 | D:5      | Found a shadowy altar of Dithmenos.
  6527 | D:5      | Noticed Grinder
  6532 | D:5      | Noticed Crazy Yiuf
  6560 | D:5      | Killed Crazy Yiuf
  6560 | D:5      | Killed Grinder
  6560 | D:5      | Reached skill level 7 in Spellcasting
  6560 | D:5      | Reached skill level 5 in Fire Magic
  6560 | D:5      | Reached XP level 8. HP: 25/45 MP: 0/20
  6567 | D:5      | Reached skill level 1 in Armour
  6995 | D:5      | Got a brightly glowing hunting sling
  7167 | D:5      | Found a staircase to the Ecumenical Temple.
  7223 | Temple   | Entered the Ecumenical Temple
  7428 | Temple   | Became a worshipper of Vehumet
  7611 | D:6      | Identified the cursed +1 hunting sling of Peisedil {velocity, +Inv} (You took it off a crimson imp on level 5 of the Dungeon)
  7704 | D:6      | Found a glowing golden altar of the Shining One.
  7714 | D:6      | Gained mutation: Your flesh is cold resistant. [evolution]
  7854 | D:6      | Reached skill level 1 in Shields
  7993 | D:6      | Found an ancient bone altar of Kikubaaqudgha.
  8036 | D:6      | Found a glowing silver altar of Zin.
  8216 | D:6      | Reached skill level 5 in Dodging
  8216 | D:6      | Reached skill level 5 in Stealth
  8216 | D:6      | Reached skill level 8 in Spellcasting
  8608 | D:7      | Reached XP level 9. HP: 50/50 MP: 14/23
  8670 | D:7      | Got a wavering steel amulet
  8673 | D:7      | Identified the amulet "Toset" {Faith MR+ Str+4 Dex+4} (You found it on level 7 of the Dungeon)
  8865 | D:7      | Found a snail-covered altar of Cheibriados.
  8878 | D:7      | Reached * piety under Vehumet
  8878 | D:7      | Offered knowledge of Magic Dart by Vehumet.
  9251 | D:7      | Found a bloodstained altar of Trog.
  9639 | D:7      | Reached skill level 5 in Hexes
  9775 | D:7      | Reached skill level 9 in Spellcasting
  9910 | D:7      | Gained mutation: You are partially covered in molten scales (AC +1). [evolution]
 10117 | D:8      | Found a shimmering altar of Xom.
 10138 | D:8      | Found Xois's Distillery.
 10149 | D:8      | Bought a potion of magic for 112 gold pieces
 10149 | D:8      | Bought a potion of mutation for 35 gold pieces
 10225 | D:8      | Offered knowledge of Throw Frost by Vehumet.
 10229 | D:8      | Learned a level 2 spell: Throw Frost
 10325 | D:8      | Reached ** piety under Vehumet
 10359 | D:8      | Found Dyshruce's Food Emporium.
 10461 | D:8      | Found a white marble altar of Elyvilon.
 10666 | D:8      | Reached XP level 10. HP: 56/56 MP: 13/25
 11123 | D:8      | Offered knowledge of Static Discharge by Vehumet.
 11128 | D:8      | Learned a level 3 spell: Static Discharge
 11254 | D:9      | Reached skill level 5 in Conjurations
 11443 | D:9      | Reached skill level 1 in Ice Magic
 11467 | D:9      | Reached *** piety under Vehumet
 11470 | D:9      | Noticed an elephant
 11478 | D:9      | Killed an elephant
 11478 | D:9      | Reached skill level 10 in Spellcasting
 11495 | D:9      | Found a staircase to the Lair.
 11883 | D:9      | Offered knowledge of Dazzling Spray by Vehumet.
 12411 | D:9      | Gained mutation: You are robust (+10% HP). [mutagenic meat]
 12413 | D:9      | Lost mutation: Your muscles are strong. (Str +2) [mutagenic meat]
 12414 | D:9      | Lost mutation: You are robust (+10% HP). [mutagenic meat]
 12415 | D:9      | Gained mutation: You are weak. (Str -2) [mutagenic meat]
 12654 | D:9      | Reached skill level 1 in Air Magic
 12687 | Lair:1   | Entered Level 1 of the Lair of Beasts
 12711 | Lair:1   | Gained mutation: Your flesh is very cold resistant. [potion of mutation]
 12711 | Lair:1   | Gained mutation: You have large cloven feet. [potion of mutation]
 12724 | Lair:1   | Noticed a spiny frog
 12729 | Lair:1   | Killed a spiny frog
 13345 | Lair:1   | Noticed a black mamba
 13353 | Lair:1   | Killed a black mamba
 13482 | Lair:1   | Reached **** piety under Vehumet
 13513 | Lair:1   | Offered knowledge of Ignite Poison by Vehumet.
 13600 | Lair:1   | Learned a level 3 spell: Ignite Poison
 13976 | Lair:1   | Noticed a black mamba
 13982 | Lair:1   | Killed a black mamba
 13982 | Lair:1   | Reached XP level 11. HP: 61/61 MP: 19/27
 14248 | Lair:2   | Reached skill level 11 in Spellcasting
 14528 | Lair:2   | Got a heavily runed ring mail
 14539 | Lair:2   | Identified the +1 ring mail of Dithmenos's Whim {rElec Dex+3} (You found it on level 2 of the Lair of Beasts)
 14680 | Lair:2   | Reached skill level 1 in Transmutations
 15069 | Lair:2   | Noticed a six-headed hydra
 15074 | Lair:2   | Lost mutation: Your flesh is very cold resistant. [evolution]
 15086 | Lair:2   | Killed a six-headed hydra
 15086 | Lair:2   | Reached skill level 1 in Poison Magic
 15191 | Lair:2   | Gained mutation: Your body sometimes deteriorates upon taking damage. [potion of mutation]
 15191 | Lair:2   | Gained mutation: You are occasionally teleported next to monsters. [potion of mutation]
 15191 | Lair:2   | Gained mutation: Your mind is acute. (Int +2) [potion of mutation]
 15264 | Lair:2   | Reached ***** piety under Vehumet
 15278 | Lair:2   | Offered knowledge of Bolt of Draining by Vehumet.
 15287 | Lair:2   | Learned a level 5 spell: Bolt of Draining
 16056 | Lair:3   | Noticed a death yak
 16057 | Lair:3   | Noticed a death yak
 16059 | Lair:3   | Noticed a death yak
 16061 | Lair:3   | Noticed a death yak
 16061 | Lair:3   | Killed a death yak
 16061 | Lair:3   | Killed a death yak
 16266 | Lair:3   | Reached skill level 1 in Necromancy
 16410 | Lair:3   | Noticed a six-headed hydra
 16430 | Lair:3   | Killed a six-headed hydra
 16430 | Lair:3   | Reached XP level 12. HP: 33/67 MP: 18/29
 16744 | Lair:3   | Noticed a five-headed hydra
 16756 | Lair:3   | Killed a five-headed hydra
 16995 | Lair:2   | Killed a death yak
 16995 | Lair:2   | Reached skill level 12 in Spellcasting
 17287 | Lair:3   | Killed a death yak
 17397 | Lair:3   | Lost mutation: You are weak. (Str -2) [evolution]
 17397 | Lair:3   | Lost mutation: You evolve. [end of evolution]
 17729 | Lair:3   | Found a shimmering altar of Xom.
 18026 | Lair:4   | Noticed Urug
 18064 | Lair:4   | Killed Urug
 18142 | Lair:4   | Offered knowledge of Delayed Fireball by Vehumet.
 18151 | Lair:4   | Learned a level 7 spell: Delayed Fireball
 18344 | Lair:4   | Noticed an eight-headed hydra
 18350 | Lair:4   | Killed an eight-headed hydra
 18362 | Lair:4   | Noticed a seven-headed hydra
 18762 | Lair:4   | Found a staircase to the Snake Pit.
 18857 | Lair:4   | Reached skill level 5 in Fighting
 18987 | Lair:4   | Killed a seven-headed hydra
 19109 | Lair:4   | Noticed a four-headed hydra
 19123 | Lair:4   | Killed a four-headed hydra
 20081 | Lair:5   | Reached XP level 13. HP: 69/72 MP: 10/31
 20446 | Lair:5   | Reached skill level 10 in Dodging
 20731 | Lair:5   | Reached skill level 5 in Ice Magic
 21645 | Lair:6   | Offered knowledge of Freezing Cloud by Vehumet.
 21676 | Lair:6   | Reached skill level 5 in Armour
 21848 | Lair:5   | Learned a level 6 spell: Freezing Cloud
 22679 | Lair:6   | Reached skill level 13 in Spellcasting
 23547 | Lair:6   | Offered knowledge of Bolt of Magma by Vehumet.
 23556 | Lair:6   | Learned a level 5 spell: Bolt of Magma
 23612 | Lair:6   | Found a staircase to the Slime Pits.
 23723 | Lair:6   | Found a staircase to the Swamp.
 24531 | Lair:7   | Got a scorched ring mail
 24542 | Lair:7   | Identified the +5 ring mail of the Grue {MR- Str+7 Int+2} (You found it on level 7 of the Lair of Beasts)
 25087 | Lair:7   | Reached skill level 5 in Shields
 25991 | Lair:7   | Reached skill level 5 in Air Magic
 26513 | Lair:7   | Reached skill level 1 in Earth Magic
 26905 | Lair:8   | Entered Level 8 of the Lair of Beasts
 26974 | Lair:8   | Reached skill level 5 in Necromancy
 27456 | Lair:8   | Reached XP level 14. HP: 79/79 MP: 10/33
 27935 | Lair:8   | Learned a level 3 spell: Mephitic Cloud
 28907 | Lair:7   | Offered knowledge of Bolt of Fire by Vehumet.
 29056 | Lair:8   | Reached skill level 10 in Stealth
 29324 | Lair:8   | Reached skill level 14 in Spellcasting
 31275 | Lair:8   | Reached ****** piety under Vehumet
 31361 | Lair:8   | Offered knowledge of Bolt of Cold by Vehumet.
 32442 | D:10     | Entered Level 10 of the Dungeon
 32443 | D:10     | Reached skill level 5 in Poison Magic
 33037 | D:10     | Found Lisaijod's Food Boutique.
 33069 | D:10     | Found a staircase to the Orcish Mines.
 33648 | Orc:1    | Entered Level 1 of the Orcish Mines
 33698 | Orc:1    | Found Sujef's Antique Armour Boutique.
 33777 | Orc:1    | Found Kokiuh's Antique Armour Shop.
 33855 | Orc:1    | Found Pasoent's Food Emporium.
 34070 | Orc:1    | Found Xeengura's Food Shop.
 34107 | Orc:1    | Reached XP level 15. HP: 84/84 MP: 27/35
 34129 | Orc:1    | Found Qeniaf's General Store.
 34148 | Orc:1    | Bought a scroll of recharging for 133 gold pieces
 34148 | Orc:1    | Bought a scroll of enchant armour for 105 gold pieces
 34148 | Orc:1    | Bought a potion of curing for 42 gold pieces
 34179 | Orc:1    | Bought a runed helmet for 166 gold pieces
 34179 | Orc:1    | Bought a shiny helmet for 166 gold pieces
 34383 | Orc:1    | Found Hiutusix's Antique Armour Emporium.
 35164 | Orc:1    | Bought a pair of runed boots for 117 gold pieces
 35164 | Orc:1    | Bought a glowing buckler for 117 gold pieces
 35164 | Orc:1    | Bought a glowing shield for 117 gold pieces
 35321 | Orc:2    | Entered Level 2 of the Orcish Mines
 35411 | Orc:2    | Offered knowledge of Conjure Ball Lightning by Vehumet.
 35678 | Orc:2    | Found Noadei's Magic Scroll Emporium.
 35679 | Orc:2    | Found Wuabben's Distillery.
 35682 | Orc:2    | Reached skill level 10 in Hexes
 35762 | Orc:1    | Paralysed by an orc sorcerer for 3 turns
 36712 | Orc:2    | Found a staircase to the Elven Halls.
 37302 | Orc:2    | HP: 3/84 [soul eater/drain life (8)]
 38449 | Orc:2    | Bought a scroll of identify for 30 gold pieces
 38449 | Orc:2    | Bought 3 scrolls of identify for 90 gold pieces
 38449 | Orc:2    | Bought a scroll of identify for 30 gold pieces
 38449 | Orc:2    | Bought a scroll of identify for 30 gold pieces
 38449 | Orc:2    | Bought a scroll of identify for 30 gold pieces
 38455 | Orc:2    | Bought a potion of heal wounds for 75 gold pieces
 38455 | Orc:2    | Bought a potion of haste for 150 gold pieces
 38455 | Orc:2    | Bought a potion of mutation for 37 gold pieces
 38455 | Orc:2    | Bought a potion of haste for 150 gold pieces
 38455 | Orc:2    | Bought a potion of heal wounds for 75 gold pieces
 38455 | Orc:2    | Lost mutation: Your mind is acute. (Int +2) [potion of mutation]
 38455 | Orc:2    | Gained mutation: You are agile. (Dex +2) [potion of mutation]
 38455 | Orc:2    | Gained mutation: You passively map a small area around you. [potion of mutation]
 39143 | Orc:2    | Offered knowledge of Lehudib's Crystal Spear by Vehumet.
 39143 | Orc:2    | Offered knowledge of Fire Storm by Vehumet.
 39143 | Orc:2    | Offered knowledge of Shatter by Vehumet.
 39813 | Orc:2    | Paralysed by an orc sorcerer for 7 turns
 39997 | Orc:2    | Paralysed by an orc sorcerer for 2 turns
 40249 | Orc:2    | Paralysed by an orc sorcerer for 5 turns
 40556 | Orc:2    | Found Ceremn's Gadget Boutique.
 40556 | Orc:2    | Found Utennoaps's Antique Armour Shop.
 40556 | Orc:2    | Found a one-way gate leading to the halls of Pandemonium.
 40608 | Orc:2    | Bought a pair of gloves for 94 gold pieces
 40763 | D:11     | Found Deroapha's Antique Armour Emporium.
 40774 | D:11     | Bought a sheer robe for 148 gold pieces
 40784 | D:11     | Identified the +1 robe of the Catamount {rC+} (You bought it in a shop on level 11 of the Dungeon)
 40853 | D:11     | Found Kex Kog's Magic Scroll Shop.
 40994 | D:11     | Noticed Duffy's ghost (journeyman DEFE)
 41001 | D:11     | Killed Duffy's ghost
 41118 | D:11     | Found Utunuhim's Magic Scroll Boutique.
 41434 | D:11     | Found Natygema's General Store.
 41924 | D:11     | Lost mutation: Your body sometimes deteriorates upon taking damage. [mutagenic meat]
 41926 | D:11     | Gained mutation: Your spells are a little harder to cast, but a little more powerful. [mutagenic meat]
 42007 | D:11     | Found an opulent altar of Gozag.
 42009 | D:11     | Found Gozag's Platinum Reserve.
 42198 | D:12     | Reached skill level 15 in Spellcasting
 42232 | D:11     | Gained mutation: Scrolls take you a little longer to read. [mutagenic meat]
 42233 | D:11     | Gained mutation: You are partially covered in rough black scales (AC +4, Dex -1). [mutagenic meat]
 43062 | D:12     | Got a steaming falchion
 43724 | D:12     | Found Ytae's Weapon Emporium.
 44243 | D:13     | Noticed Snorg
 44268 | D:13     | Killed Snorg
 44558 | D:13     | Noticed Maud
 44582 | D:13     | Killed Maud
 45905 | D:13     | Reached XP level 16. HP: 90/90 MP: 27/37
 45968 | D:13     | Found a gate to the Vaults.
 46338 | Swamp:1  | Entered Level 1 of the Swamp
 46489 | Lair:1   | Identified the cursed +1 falchion "Wasipt" {flame, rPois} (You found it on level 12 of the Dungeon)
 47489 | Swamp:1  | Reached skill level 5 in Earth Magic
 47607 | Swamp:1  | Got a smoking battleaxe
 48940 | Swamp:2  | Identified the +10 battleaxe "Deahump" {elec, +Fly rElec Str+2} (You found it on level 1 of the Swamp)
 51412 | Swamp:3  | Gained mutation: Your magical capacity is low (-10% MP). [potion of mutation]
 51412 | Swamp:3  | Gained mutation: Your natural rate of healing is unusually fast. [potion of mutation]
 51642 | Swamp:3  | HP: 1/92 [alligator[an alligator] (5)]
 51653 | Swamp:3  | Noticed Donald
 53015 | Swamp:3  | Killed Donald
 53365 | Swamp:4  | Entered Level 4 of the Swamp
 53401 | Swamp:4  | Noticed a thorn hunter
 53402 | Swamp:4  | Killed a thorn hunter
 53408 | Swamp:4  | Reached XP level 17. HP: 96/96 MP: 19/35
 53605 | Swamp:4  | Reached skill level 10 in Fire Magic
 54550 | Swamp:4  | Reached skill level 16 in Spellcasting
 54886 | Swamp:4  | Got a decaying rune of Zot
 55148 | Swamp:4  | Learned a level 8 spell: Lehudib's Crystal Spear
 55897 | Snake:1  | Entered Level 1 of the Snake Pit
 56482 | Snake:1  | Reached skill level 10 in Conjurations
 58224 | Snake:3  | Got a twisted leather armour
 58235 | Snake:3  | Identified the +1 leather armour "Ruichat Pirr" {rC+} (You found it on level 3 of the Snake Pit)
 58342 | Snake:3  | Noticed Aizul
 58453 | Snake:3  | Killed Aizul
 59395 | Snake:3  | Noticed 4thArraOfDagon's ghost (adept NaBe)
 59415 | Snake:3  | Killed 4thArraOfDagon's ghost
 60089 | Snake:3  | Reached XP level 18. HP: 103/103 MP: 32/36
 60773 | Snake:4  | Entered Level 4 of the Snake Pit
 62641 | Snake:4  | Found Eqaa's Antique Weapon Shoppe.
 63501 | Snake:4  | Got a serpentine rune of Zot
 64147 | Elf:1    | Entered Level 1 of the Elven Halls
 64526 | Elf:1    | Noticed Liam's ghost (adept HEWz)
 65179 | Elf:1    | Killed Liam's ghost
 65300 | Elf:1    | Reached skill level 17 in Spellcasting
 65860 | Elf:1    | Found Jenu's Weapon Shoppe.
 66571 | Elf:2    | Noticed Norris
 66582 | Elf:2    | Noticed Saint Roka
 66585 | Elf:2    | HP: 1/103 [deep elf death mage/bolt of negative energy (21)]
 66586 | Elf:2    | Slain by a deep elf knight

Vault maps used:
D:1:      saegor_arrival_simple_b
D:2:      lemuel_upstairs_altar, zin_purify, grunt_pakellas_basics, first_bread,
          kennysheep_flooded_box, minmay_misc_feat_cross,
          kennysheep_okawaru_gauntlet, uniq_robin
D:3:      kennysheep_big_flooded_room, gammafunk_temple_overflow_elements,
          gammafunk_temple_overflow_wave, yredelemnul_altar_generic,
          uniq_natasha
D:5:      grunt_dithmenos_smoke_and_mirrors, temple_green,
          minmay_misc_feat_room, uniq_grinder, uniq_crazy_yiuf_cottage
D:6:      tso_metal_star, basic_altar, tgw_kikubaaqudgha
D:7:      cheibriados_altar_wand_db, lightli_temple_of_fire, grunt_livestock,
          serial_bayou_pond_d
D:8:      old_standard_altar, lemuel_crystal_altar, serial_shops,
          nicolae_shop_trees, nicolae_shop_window_shopping, serial_bayou_pond_b
D:9:      david_lair_generic
D:10:     orc_0_dummy, serial_shops, shop_statue
D:11:     serial_shops, shop, shop, shop_statue, nicolae_shop_behind_doors,
          minmay_misc_feat_square, st_stairs_3, nicolae_gozag_zags_fifth_avenue
D:12:     serial_shops, kennysheep_mini_moat, minmay_misc_feat_encased
D:13:     grunt_vaults_entry_fortified, uniq_snorg, uniq_maud
Temple:   hc_temple_tempest_star_small
Lair:1:   grunt_megastairs_5, infiniplex_staircase_pool
Lair:2:   grunt_megastairs_2
Lair:3:   lemuel_centaur_altar
Lair:4:   dummy_snake_entry, beast_lair_carwin_6, uniq_urug
Lair:5:   grunt_forest_large_clearings
Lair:6:   swamp_mist_pool, slime_dummy, minivault_29
Lair:8:   hangedman_lair_tendril_chambers, minmay_stone_trees_large
Swamp:1:  nicolae_swamp_feature_on_the_river_bank, infiniplex_staircase_pool_2
Swamp:2:  evilmike_swamp_ruin_house_5, swamp_pool2
Swamp:3:  evilmike_swamp_ruin_house_2, nicolae_swamp_treefoil, swamp_pool1,
          uniq_donald
Swamp:4:  swamp_alternative
Snake:2:  grunt_ministairs_13, serial_bayou_pond_c
Snake:3:  uniq_aizul
Snake:4:  minmay_snake_end_coiled, serial_shops, shop_fountains
Orc:1:    serial_shops, nicolae_shop_behind_doors, shop, shop, shop,
          shop_fountains, guppyfry_orc_lava_fort
Orc:2:    pf_orc_diabolical
Elf:1:    eino_elf_arrival_sip, serial_shops, shop,
          kennysheep_underground_church, fountainhead, grunt_megastairs_1
Elf:2:    uniq_jorgrun, uniq_saint_roka, uniq_norris

Skill      XL: |  1  2  3  4  5  6  7  8  9 10 11 12 13 14 15 16 17 18 |
---------------+-------------------------------------------------------+-----
Fighting       | 1 2 3 4 5 6 7 8 |  8.3
Spellcasting   | 4 5 6 7 8 9 10 11 12 13 14 15 16 17 | 17.1
Hexes          | 1 2 3 4 6 7 8 9 10 | 10.8
Conjurations   | 2 3 4 5 6 7 8 9 10 11 | 11.1
Dodging        | 3 4 5 6 7 8 9 10 11 12 13 14 | 14.8
Stealth        | 3 4 5 6 7 8 9 10 11 12 | 12.6
Fire Magic     | 4 5 6 7 8 9 10 11 | 11.1
Armour         | 1 2 3 4 5 6 7 |  7.7
Shields        | 1 2 3 4 5 6 7 |  7.8
Ice Magic      | 2 3 4 5 6 7 8 9 |  9.4
Air Magic      | 1 3 4 5 6 7 8 |  8.5
Transmutations | 2 3 4 |  4.1
Poison Magic   | 2 3 4 5 6 7 8 |  8.4
Necromancy     | 1 3 5 6 7 8 9 |  9.7
Earth Magic    | 1 3 4 5 6 7 |  7.1

Action                   |  1- 3 |  4- 6 |  7- 9 | 10-12 | 13-15 | 16-18 || total
-------------------------+-------+-------+-------+-------+-------+-------++-------
Melee: Dagger            |    23 |    33 |   179 |    80 |   429 |   455 ||  1199
Throw: Throwing net      |       |     1 |       |       |     2 |       ||     3
 Cast: Flame Tongue      |    34 |    91 |   164 |   365 |   830 |   201 ||  1685
       Throw Flame       |    17 |    33 |    31 |   101 |   213 |   229 ||   624
       Conjure Flame     |     2 |     9 |     9 |     9 |    24 |     5 ||    58
       Inner Flame       |     1 |     5 |     6 |     6 |    33 |     8 ||    59
       Sticky Flame      |       |     1 |     3 |    48 |   181 |   135 ||   368
       Fireball          |       |       |       |    27 |    96 |    66 ||   189
       Throw Frost       |       |       |       |    15 |     7 |       ||    22
       Bolt of Draining  |       |       |       |     9 |    26 |   118 ||   153
       Bolt of Magma     |       |       |       |       |   151 |   258 ||   409
       Delayed Fireball  |       |       |       |       |     3 |     1 ||     4
       Freezing Cloud    |       |       |       |       |     2 |     2 ||     4
       Static Discharge  |       |       |       |       |     1 |       ||     1
       Mephitic Cloud    |       |       |       |       |       |     1 ||     1
 Abil: Release Delayed F |       |       |       |       |     2 |     1 ||     3
Evoke: Wand              |       |       |       |       |     4 |     9 ||    13
  Use: Scroll            |     6 |     7 |     6 |    10 |    29 |    12 ||    70
       Potion            |       |     4 |       |     3 |     5 |    10 ||    22
 Stab: Sleeping          |     3 |     6 |    15 |     7 |    16 |    33 ||    80
       Distracted        |       |       |       |     1 |     1 |     2 ||     4
       Held in net/web   |       |       |       |       |     1 |       ||     1
  Eat: Chunk             |     3 |    13 |     7 |    18 |    24 |    13 ||    78
       Meat ration       |       |     1 |     1 |     1 |     5 |     4 ||    12
       Fruit             |       |       |     4 |     2 |    23 |    13 ||    42
       Royal jelly       |       |       |       |     1 |       |     1 ||     2
       Pizza             |       |       |       |     7 |     4 |       ||    11
       Beef jerky        |       |       |       |       |     9 |     3 ||    12
       Bread ration      |       |       |       |       |     2 |     4 ||     6
